 Dungeon Crawl Stone Soup version 0.29-a0-119-g4040846114 (webtiles) character file.

Game seed: 14749287310720898700

6542 Sweetruy1997 the Carver (level 10, -1/81 HPs)
             Began as a Minotaur Berserker on Feb 19, 2022.
             Was an Elder of Trog.
             Slain by a gargoyle (15 damage)
             ... on level 7 of the Dungeon.
             The game lasted 00:19:41 (9161 turns).

Sweetruy1997 the Carver (Minotaur Berserker)        Turns: 9161, Time: 00:19:42

Health: -1/81      AC: 19    Str: 22    XL:     10   Next: 70%
Magic:  9/9        EV:  9    Int:  4    God:    Trog [****..]
Gold:   466        SH:  0    Dex: 18    Spells: 9/9 levels left

rFire   + . .      SeeInvis .   e - +5 great sword of Qetogh Yfie {freeze, Drain Fly rF++ rCorr}
rCold   + + .      Faith    .   (shield currently unavailable)
rNeg    . . .      Spirit   .   i - +2 plate armour of Rotation {Will- Regen+ Dex+4 Stlth+}
rPois   .          Reflect  .   (helmet restricted)
rElec   .          Harm     .   (no cloak)
rCorr   +          Rampage  .   t - +2 pair of gloves
Will    ++...                   f - +0 pair of boots
Stlth   ..........              u - amulet of the acrobat
HPRegen 2.03/turn               l - ring of protection from cold
MPRegen 0.11/turn               o - ring of ice

@: strong-willed, on berserk cooldown, flying, regenerating, hasted and slowed
A: horns 2, retaliatory headbutt, talons 1, strong-willed 1
a: Renounce Religion, Berserk, Trog's Hand, Brothers in Arms


You were on level 7 of the Dungeon.
You worshipped Trog.
Trog was greatly pleased with you.
You visited 2 branches of the dungeon, and saw 9 of its levels.
You also visited: Bailey.

You collected 466 gold pieces.

Inventory:

Hand Weapons
 e - the +5 great sword of Qetogh Yfie (weapon) {freeze, Drain Fly rF++ rCorr}
   (You found it on level 6 of the Dungeon)

   It freezes those it strikes, dealing additional cold damage.
   It can also slow down cold-blooded creatures.
   rF:        It greatly protects you from fire.
   Fly:       It grants you flight.
   rCorr:     It protects you from acid and corrosion.
   Drain:     It drains your maximum health when unequipped.
 m - a +1 short sword of freezing
Armour
 f - a +0 pair of boots (worn)
 h - the +9 shadow dragon scales of Reypeida {rF+ rC+ SInv Stlth++++}
   (You found it in a bailey)

   rF:        It protects you from fire.
   rC:        It protects you from cold.
   SInv:      It lets you see invisible.
   Stlth:     It makes you much more stealthy.
 i - the +2 plate armour of Rotation (worn) {Will- Regen+ Dex+4 Stlth+}
   (You found it in a bailey)

   Dex:       It affects your dexterity (+4).
   Regen:     It increases your rate of health regeneration.
   Will:      It decreases your willpower.
   Stlth:     It makes you more stealthy.
 t - a +2 pair of gloves (worn)
Jewellery
 l - a ring of protection from cold (left hand)
 o - a ring of ice (right hand)
 u - an amulet of the acrobat (around neck)
Wands
 p - a wand of iceblast (9)
Scrolls
 b - a scroll of fear
 d - a scroll of enchant weapon {unknown}
 j - a scroll of fog
 k - 4 scrolls of teleportation
 n - a scroll of immolation {unknown}
 r - a scroll of brand weapon {unknown}
Potions
 a - a potion of flight {unknown}
 c - 2 potions of haste
 g - a potion of cancellation {unknown}
 s - a potion of curing
 v - a potion of experience {unknown}


   Skills:
 - Level 5.0 Fighting
 - Level 7.1(11.0) Short Blades
 + Level 14.2(14.9) Long Blades
 - Level 7.2 Axes
 - Level 6.0 Armour
 - Level 5.0 Dodging
 - Level 1.0 Stealth


You had 9 spell levels left.
You didn't know any spells.
Your spell library was empty.

Dungeon Overview and Level Annotations

Branches:
Dungeon (8/15)             Temple (1/1) D:4          Bailey (visited)
   Lair: D:8-11

Altars:
Ashenzari
Cheibriados
Dithmenos
Elyvilon
Fedhas
Gozag
Hepliaklqana
Kikubaaqudgha
Makhleb
Nemelex Xobeh
Okawaru
Qazlal
Ru
Sif Muna
Trog
Uskayaw
Vehumet
Wu Jian
Xom
Zin
The Shining One

Shops:
D:6 *


Innate Abilities, Weirdness & Mutations

You have a pair of horns on your head.
You reflexively headbutt those who attack you in melee.
You have sharp toenails.
You are strong-willed. (Will+)


Message History

The skeletal warrior is moderately damaged.
The skeletal warrior hits you with a +0 short sword!
* * * LOW HITPOINT WARNING * * *
You feel yourself speed up.
The skeletal warrior hits you but does no damage.
You slash the skeletal warrior!
You headbutt the skeletal warrior, but do no damage.
The skeletal warrior is moderately damaged.
The skeletal warrior hits you but does no damage.
You slice the skeletal warrior!! You freeze the skeletal warrior.
The skeletal warrior is severely damaged.
The skeletal warrior hits you with a +0 short sword.
* * * LOW HITPOINT WARNING * * *
You hit the skeletal warrior. You freeze the skeletal warrior.
The skeletal warrior is severely damaged.
The skeletal warrior hits you with a +0 short sword!
* * * LOW HITPOINT WARNING * * *
Your skin crawls.
You feel strong-willed.
The skeletal warrior hits you with a +0 short sword!
* * * LOW HITPOINT WARNING * * *
You hit the skeletal warrior but do no damage.
The skeletal warrior is severely damaged.
The skeletal warrior barely misses you. You furiously retaliate!
You headbutt the skeletal warrior, but do no damage.
You slice the skeletal warrior!! You freeze the skeletal warrior.
You destroy the skeletal warrior!
Trog accepts your kill.
Your Long Blades skill increases to level 14!
You hit the gargoyle but do no damage.
The gargoyle hurls a stone arrow at you.
The stone arrow hits you!
* * * LOW HITPOINT WARNING * * *
Unknown command.
It was a potion of curing.
You feel better. The gargoyle closely misses you.
You hit the gargoyle. You freeze the gargoyle.
You headbutt the gargoyle, but do no damage.
The gargoyle is lightly damaged.
The gargoyle hits you with a +0 flail!
You die...

....#####..###.....#g.#
........##...#....##)#
#..........#...#..#.#
#.........##.....##.#
##.........#.##..#.#)#
......##.....#..##.#.#
.[##.###........#)###.
...# #....##..##9# .#
..#...#.....#..#@## #.
............#.##.# .#
..............#†## #.
#.............#.#
###...........[##
...................
###..........##..#.
#..........# ..
#...........


You could see a gargoyle.

Vanquished Creatures
  A two-headed ogre (D:7)
  A skeletal warrior (D:7)
  An orc knight (Bailey)
  2 ugly things (D:7)
  A manticore (D:7)
  Maggie (D:6)
  Sigmund (D:5)
  2 steam dragons
  A water moccasin (D:7)
  Duvessa (D:4)
  2 sky beasts
  3 orc warriors (Bailey)
  3 ice beasts
  A necrophage (D:6)
  2 ogres
  A centaur (D:4)
  A kobold brigand (D:6)
  A bullfrog (D:7)
  A gnoll sergeant (D:7)
  A wyvern skeleton (D:5)
  A water moccasin zombie (D:6)
  A water moccasin skeleton (D:5)
  Dowan (D:4)
  9 killer bees
  6 wights
  2 howler monkeys (D:7)
  A centaur zombie (D:7)
  A gnoll shaman (D:7)
  A hound (D:4)
  A jelly (D:6)
  4 centaur skeletons
  An orc priest (D:4)
  2 bullfrog skeletons
  An iguana (D:5)
  3 orc wizards
  19 gnolls
  8 adders
  2 shadow imps
  2 white imps (D:6)
  2 ufetubi
  An adder zombie (D:5)
  19 orcs
  8 endoplasms
  2 giant cockroaches
  9 goblins
  13 hobgoblins
  3 jackals (D:1)
  7 quokkas
  11 ball pythons
  11 bats
  3 frilled lizards
  13 kobolds
  7 rats
203 creatures vanquished.

Notes
Turn   | Place    | Note
-------+----------+-------------------------------------------
     0 | D:1      | Sweetruy1997 the Minotaur Berserker began the quest for the
                  | Orb.
     0 | D:1      | Reached XP level 1. HP: 19/19 MP: 0/0
   154 | D:1      | Found a faded altar of an unknown god.
   169 | D:1      | Reached XP level 2. HP: 27/27 MP: 1/1
   886 | D:1      | Reached XP level 3. HP: 33/33 MP: 2/2
  1043 | D:2      | Reached ** piety under Trog
  1098 | D:2      | HP: 2/49 [poisoned by an adder]
  1105 | D:2      | HP: 2/49 [poisoned by an adder]
  1482 | D:2      | Reached skill level 5 in Axes
  1662 | D:2      | Reached XP level 4. HP: 29/41 MP: 3/3
  2166 | D:3      | Noticed an ogre
  2170 | D:3      | Killed an ogre
  2171 | D:3      | Reached XP level 5. HP: 47/47 MP: 4/4
  2238 | D:3      | Reached skill level 1 in Stealth
  2467 | D:3      | Found a stormy altar of Qazlal.
  2999 | D:4      | Reached XP level 6. HP: 35/55 MP: 5/5
  3395 | D:4      | Reached skill level 5 in Fighting
  3613 | D:4      | Noticed Dowan
  3614 | D:4      | Noticed Duvessa
  3626 | D:4      | Killed Duvessa
  3629 | D:4      | Killed Dowan
  3630 | D:4      | Reached XP level 7. HP: 61/61 MP: 6/6
  3767 | D:4      | Found a staircase to the Ecumenical Temple.
  3868 | Temple   | Entered the Ecumenical Temple
  4326 | D:5      | Entered Level 5 of the Dungeon
  4365 | D:5      | Noticed Sigmund
  4372 | D:5      | Killed Sigmund
  4373 | D:5      | Reached skill level 1 in Short Blades
  4373 | D:5      | Reached skill level 5 in Armour
  4373 | D:5      | Reached skill level 5 in Dodging
  4660 | D:5      | Found a hazy altar of Hepliaklqana.
  4660 | D:5      | Found a shimmering blue altar of Sif Muna.
  5105 | D:5      | Reached XP level 8. HP: 22/68 MP: 7/7
  5750 | D:5      | Reached *** piety under Trog
  5921 | D:5      | Reached skill level 5 in Short Blades
  6185 | D:6      | Gained mutation: You are dopey. (Int -2) [potion of
                  | mutation]
  6185 | D:6      | Gained mutation: Your system is resistant to poisons.
                  | (rPois) [potion of mutation]
  6186 | D:6      | Lost mutation: You are dopey. (Int -2) [potion of mutation]
  6186 | D:6      | Lost mutation: Your system is resistant to poisons. (rPois)
                  | [potion of mutation]
  6186 | D:6      | Gained mutation: You are strong-willed. (Will+) [potion of
                  | mutation]
  6186 | D:6      | Gained mutation: You have sharp toenails. [potion of
                  | mutation]
  6248 | D:6      | Noticed Maggie
  6258 | D:6      | Killed Maggie
  6328 | D:6      | Found Hentym's Lightly-Used Armoury.
  6339 | D:6      | Identified the +5 great sword of Qetogh Yfie {freeze, Drain
                  | Fly rF++ rCorr}
  6628 | D:6      | You are sucked into a shaft and drop 2 floors!
  6639 | D:8      | Reached skill level 3 in Long Blades
  6858 | D:8      | Reached skill level 4 in Long Blades
  6985 | D:8      | Reached XP level 9. HP: 53/70 MP: 8/8
  7241 | D:8      | Reached skill level 5 in Long Blades
  7566 | D:7      | Reached skill level 6 in Long Blades
  7575 | D:7      | Reached skill level 7 in Long Blades
  7692 | D:7      | Found a flagged portal.
  7703 | Bailey   | Entered a bailey
  7894 | Bailey   | Noticed an orc knight
  8097 | Bailey   | Killed an orc knight
  8098 | Bailey   | Reached skill level 9 in Long Blades
  8321 | Bailey   | Identified the +9 shadow dragon scales of Reypeida {rF+ rC+
                  | SInv Stlth++++}
  8322 | Bailey   | Identified the +2 plate armour of Rotation {Will- Regen+
                  | Dex+4 Stlth+}
  8582 | D:7      | Reached skill level 10 in Long Blades
  8827 | D:6      | Reached **** piety under Trog
  9074 | D:7      | Reached skill level 11 in Long Blades
  9074 | D:7      | Reached XP level 10. HP: 81/81 MP: 9/9
  9090 | D:7      | Noticed a two-headed ogre
  9103 | D:7      | Killed a two-headed ogre
  9104 | D:7      | Reached skill level 12 in Long Blades
  9107 | D:7      | Noticed a white ugly thing
  9115 | D:7      | Noticed a purple ugly thing
  9126 | D:7      | Killed a purple ugly thing
  9130 | D:7      | Killed a white ugly thing
  9131 | D:7      | Reached skill level 13 in Long Blades
  9136 | D:7      | Noticed a manticore
  9138 | D:7      | Noticed a skeletal warrior
  9145 | D:7      | Killed a manticore
  9145 | D:7      | Noticed a gargoyle
  9158 | D:7      | Killed a skeletal warrior
  9159 | D:7      | Reached skill level 14 in Long Blades
  9161 | D:7      | Slain by a gargoyle

Illustrated notes

Levels and vault maps discovered:
D:1:      pf_arrival_petrified_forest, layout_basic, basic_ecumenical_altar
D:2:      layout_basic, st_stairs_9, nicolae_elevator_lobby_asterisk
D:3:      layout_basic, grunt_qazlal_clouds
D:4:      layout_cave_pods, minmay_temple_entry_proselytizer, serial_glass,
          glass_columns_a, glass_columns_a, uniq_duvessa
D:5:      layout_basic, amethyst_overflow_temple_binary, uniq_sigmund
D:6:      kb_forest_paths, layout_loops_ring, minmay_misc_feat_chi,
          chequers_serial_rivers_micro_a, minmay_shop_damaged, uniq_maggie
D:7:      minmay_the_grid_triangle_9x9_recursive_2
          [minmay_the_grid_triangle_9x9_prize_top_heavy,
          minmay_the_grid_triangle_9x9_fully_insulated_deathbox,
          minmay_the_grid_triangle_9x9_thin_v,
          minmay_the_grid_triangle_9x9_longest], layout_cave_pools,
          lemuel_mausoleum_altar_yredelemnul, enter_bailey_4
D:8:      layout_basic, serial_rivers, chequers_serial_rivers_small_a,
          chequers_serial_rivers_marsh, chequers_serial_rivers_micro_b,
          chequers_serial_rivers_micro_a, chequers_serial_rivers_micro_e,
          hex_intersection, serial_bayou_pond_e
Temple:   eino_narrow_crystal_temple

Skill      XL: |  1  2  3  4  5  6  7  8  9 10 |
---------------+-------------------------------+-----
Axes           | 4 5 6 7 |  7.2
Fighting       | 4 5 |  5.0
Armour         | 3 4 5 6 |  6.0
Dodging        | 3 4 5 |  5.0
Stealth        | 1 |  1.0
Short Blades   | 2 7 |  7.1
Long Blades    | 4 11 14 | 14.2

Action                   |  1- 3 |  4- 6 |  7- 9 | 10-12 || total
-------------------------+-------+-------+-------+-------++-------
Melee: Hand axe          |    82 |    86 |    12 |       ||   180
       Headbutt          |     5 |    13 |    40 |    13 ||    71
       Punch             |     2 |     1 |     2 |       ||     5
       Short sword       |       |       |   125 |       ||   125
       Great sword       |       |       |   153 |    55 ||   208
       Kick              |       |       |     7 |       ||     7
Invok: Berserk           |     1 |     4 |     5 |     1 ||    11
       Trog's Hand       |     1 |     2 |     2 |     2 ||     7
  Use: Potion            |     4 |       |     3 |     2 ||     9
       Scroll            |       |       |     9 |       ||     9
 Stab: Sleeping          |     1 |     2 |       |       ||     3
Armor: Animal skin       |     9 |       |       |       ||     9
       Leather armour    |    11 |    26 |    36 |       ||    73
       Steam dragon scal |       |       |    30 |       ||    30
       Plate armour      |       |       |    40 |    19 ||    59
       Shadow dragon sca |       |       |     4 |       ||     4
Dodge: Dodged            |    62 |    73 |   280 |    31 ||   446

Table legend: (Time is in decaauts)
 A = Elapsed time spent in this place.
 B = Non-inter-level travel time spent in this place.
 C = Inter-level travel time spent in this place.
 D = Time resting spent in this place.
 E = Time spent auto-exploring this place.
 F = Levels seen in this place.
 G = Mean time per level.
                   A        B        C        D        E       F      G
               +--------+--------+--------+--------+--------+-----+--------+
         Total |   9279 |   9055 |    224 |   1728 |   5936 |  10 |  927.9 |
       Dungeon |   8298 |   8087 |    211 |   1419 |   5481 |   8 | 1037.2 |
        Temple |    208 |    195 |     13 |      0 |    184 |   1 |  208.0 |
        Bailey |    771 |    771 |      0 |    309 |    271 |   1 |  771.0 |
               +--------+--------+--------+--------+--------+-----+--------+

Top non-repeatable levels by time:
     D:5: 1839 daAuts
     D:4: 1223 daAuts
     D:1: 1024 daAuts
     D:3: 963 daAuts
     D:2: 940 daAuts
     D:8: 938 daAuts
     D:6: 892 daAuts
  Bailey: 771 daAuts
     D:7: 477 daAuts
  Temple: 208 daAuts
